 Dungeon Crawl Stone Soup version 0.31-a0-844-gdc52ec4e09 (webtiles) character file.

Game seed: 14504218987100536849

82 Maratek the Covered (level 4, -1/35 HPs)
             Began as a Demonspawn Fighter on Sept 29, 2023.
             Slain by a river rat (4 damage)
             ... in a sewer.
             The game lasted 00:02:15 (1766 turns).

Maratek the Covered (Demonspawn Fighter)            Turns: 1766, Time: 00:02:15

Health: -1/35      AC:  8    Str: 18    XL:     4   Next: 21%
Magic:  4/4        EV:  9    Int:  9    God:
Gold:   99         SH:  4    Dex: 13    Spells: 3/3 levels left

rFire   . . .        a - +0 war axe
rCold   + . .        c - +0 buckler
rNeg    . . .        b - +0 scale mail
rPois   .            (no helmet)
rElec   .            n - scarf {repulsion}
rCorr   .            (no gloves)
SInv    .            (no boots)
Will    .....        (no amulet) Stlth
                     j - ring of protection from cold
HPRegen 0.25/turn    (no ring)
MPRegen 0.09/turn

%: repel missiles
@: very slow
A: claws 1, slimy green scales 1
a: no special abilities


You were in a sewer.
You visited 1 branch of the dungeon, and saw 3 of its levels.
You also visited: Sewer.

You collected 99 gold pieces.

Inventory:

Hand Weapons
 a - a +0 war axe (weapon)
Armour
 b - a +0 scale mail (worn)
 c - a +0 buckler (worn)
 n - a scarf of repulsion (worn)
Jewellery
 j - a ring of protection from cold (left claw)
 r - a ring of protection from cold
 t - an amulet of guardian spirit
Scrolls
 e - a scroll of poison {unknown}
 f - a scroll of noise {unknown}
 g - 6 scrolls of identify {unknown}
 k - a scroll of blinking {unknown}
 o - a scroll of immolation {unknown}
 q - a scroll of silence {unknown}
 s - 3 scrolls of torment {unknown}
Potions
 d - 2 potions of might
 h - 2 potions of brilliance {unknown}
 i - 2 potions of curing {unknown}
 l - a potion of attraction {unknown}
 m - 2 potions of haste {unknown}
 p - a potion of invisibility {unknown}


   Skills:
 + Level 3.4 Fighting
 + Level 2.7 Axes
 + Level 3.4 Armour
 + Level 0.3 Dodging
 + Level 3.0 Shields


You had 3 spell levels left.
You didn't know any spells.
Your spell library contained the following spells:

 Spells                   Type           Power      Damage    Failure   Level
 Ensorcelled Hibernation  Hex/Ice        0%         N/A       94%         2
 Passwall                 Tmut/Erth      0%         N/A       94%         2
 Sublimation of Blood     Necr           0%         N/A       94%         2
 Wereblood                Tmut           0%         N/A       94%         2
 Swiftness                Air            0%         N/A       99%         3
 Summon Hydra             Summ           0%         N/A       100%        7
 Chain Lightning          Conj/Air       0%         N/A       100%        9
 Fire Storm               Conj/Fire      0%         5d1       100%        9
 Shatter                  Erth           0%         3d5*      100%        9


Dungeon Overview and Level Annotations

Branches:
Dungeon (3/15)              Sewer (1/1)

Altars:

Shops:
D:1 *


Innate Abilities, Weirdness & Mutations

You have sharp fingernails.
You are partially covered in slimy green scales. (AC +2)


Message History

You barely miss the adder.
The adder is severely wounded.
You barely miss the river rat.
You feel very sick. The adder bites you but does no damage.
The river rat barely misses you. The adder bites you.
You hit the adder.
The adder is almost dead.
You closely miss the river rat.
You feel sick. The adder barely misses you. The river rat bites you!
The adder bites you but does no damage. The river rat completely misses you.
You are too injured to fight recklessly!
You are too injured to fight recklessly!
You are too injured to fight recklessly!
You are too injured to fight recklessly!
You are too injured to fight recklessly!
You are too injured to fight recklessly!
Your unstable footing causes you to fumble your attack.
You feel sick. The adder bites you but does no damage. The river rat bites you.
The adder closely misses you.
You hit the adder but do no damage.
The adder is almost dead.
You hit the river rat but do no damage.
You feel sick. The adder completely misses you.
You block the river rat's attack. The adder barely misses you.
You closely miss the adder.
The adder is almost dead.
You completely miss the river rat.
You feel sick.
You are no longer poisoned.
The river rat bites you.
* * * LOW HITPOINT WARNING * * *
The adder bites you but does no damage. The river rat bites you.
* * * LOW HITPOINT WARNING * * *
You slash the adder!
You kill the adder!
You barely miss the river rat. The river rat bites you.
* * * LOW HITPOINT WARNING * * *
Your unstable footing causes you to fumble your attack.
The river rat bites you.
You die...

#~~.~##
#~.~.
#.~.##
#.~ #.~.#
#~~.#
##~~~##
#.~.~.#
#.###~#
#~# #.#
#@###~##
#r†~#~~.#
#~#~#~#~#
#~ ~#~#~#
#~ ~#~#~#
#. .#.#.#
## ######


You could see a river rat.

Vanquished Creatures
  4 adders
  A worm (Sewer)
  A dart slug (D:2)
  2 ball pythons (D:1)
  2 bats (D:2)
  4 endoplasms
  5 giant cockroaches
  2 goblins
  4 hobgoblins
  3 jackals (D:1)
  2 kobolds (D:1)
  3 quokkas
  A frilled lizard (D:1)
  3 rats (D:1)
37 creatures vanquished.

Notes
Turn   | Place    | Note
-------+----------+-------------------------------------------
     0 | D:1      | Maratek the Demonspawn Fighter began the quest for the Orb.
     0 | D:1      | Reached XP level 1. HP: 18/18 MP: 1/1
   136 | D:1      | Found Hoshriow's Assorted Antiques.
   153 | D:1      | Gained mutation: You are partially covered in slimy green
                  | scales. (AC +2) [demonic ancestry]
   153 | D:1      | Reached XP level 2. HP: 23/24 MP: 2/2
   642 | D:1      | You fall into a shaft and drop 1 floor!
  1004 | D:2      | Reached XP level 3. HP: 29/29 MP: 3/3
  1678 | D:3      | Gained mutation: You have sharp fingernails. [demonic
                  | ancestry]
  1678 | D:3      | Reached XP level 4. HP: 35/35 MP: 4/4
  1680 | D:3      | Found a glowing drain.
  1684 | Sewer    | Entered a sewer
  1766 | Sewer    | Slain by a river rat

Illustrated notes

Levels and vault maps discovered:
D:1:      evilmike_arrival_crescent, layout_basic, serial_shops,
          nicolae_shop_just_a_little_nook
D:2:      layout_loops_ring
D:3:      layout_basic, grunt_temple_overflow_champion_of_chaos,
          mainiacjoe_overflow_alcove_1, mainiacjoe_overflow_chevrons,
          gup_sewer_entry_spiral
Sewer:    sewer_co_tree

Skill      XL: |  1  2 |
---------------+-------+-----
Armour         | 3 |  3.4
Axes           | 2 |  2.7
Shields        | 3 |  3.0
Fighting       | |  3.4
Dodging        | |  0.3

Action                     |  1- 3 |  4- 6 || total
---------------------------+-------+-------++-------
  Melee: War axe           |   103 |    14 ||   117
 Armour: Scale mail        |    66 |    16 ||    82
  Dodge: Dodged            |    58 |     9 ||    67
  Block: Buckler           |    20 |     2 ||    22

Table legend: (Time is in decaauts)
 A = Elapsed time spent in this place.
 B = Non-inter-level travel time spent in this place.
 C = Inter-level travel time spent in this place.
 D = Time resting spent in this place.
 E = Time spent auto-exploring this place.
 F = Levels seen in this place.
 G = Mean time per level.
                   A        B        C        D        E       F      G
               +--------+--------+--------+--------+--------+-----+--------+
         Total |   1843 |   1797 |     46 |      0 |   1480 |   4 |  460.8 |
       Dungeon |   1748 |   1702 |     46 |      0 |   1412 |   3 |  582.7 |
         Sewer |     95 |     95 |      0 |      0 |     67 |   1 |   95.0 |
               +--------+--------+--------+--------+--------+-----+--------+

Top non-repeatable levels by time:
     D:2: 715 daAuts
     D:1: 658 daAuts
     D:3: 374 daAuts
   Sewer: 95 daAuts
